 Dungeon Crawl Stone Soup version 0.29-a0-830-gcb1280458a (webtiles) character file.

Game seed: 17961364709712135650

52596 jlumianski the Warmonger (level 14, 0/109 HPs)
             Began as a Demonspawn Fighter on July 11, 2022.
             Was a High Priest of Okawaru.
             Shot with a bolt by an orc knight (15 damage)
             ... on level 2 of the Orcish Mines.
             The game lasted 01:31:36 (19524 turns).

jlumianski the Warmonger (Demonspawn Fighter)      Turns: 19524, Time: 01:31:39

Health: 0/109      AC: 18    Str: 31    XL:     14   Next: 27%
Magic:  14/21      EV: 18    Int: 10    God:    Okawaru [*****.]
Gold:   1590       SH:  0    Dex: 18    Spells: 13/13 levels left

rFire   . . .      SeeInvis .   U - +9 staff of Olgreb {rPois∞}
rCold   . . .      Faith    .   (no shield)
rNeg    . . .      Spirit   .   N - +5 ring mail of Okawaru's Regard {Rampage rPois Regen+ Str+4}
rPois   ∞          Reflect  .   n - +2 hat {Will+}
rElec   .          Harm     .   (no cloak)
rCorr   .          Rampage  +   (gloves unavailable)
Will    ++...                   (no boots)
Stlth   ++++......              l - amulet of regeneration
HPRegen 1.88/turn               G - +6 ring of strength
MPRegen 0.34/turn               J - ring "Edis" {Dex+5 Slay+4}

@: heroic, finesse-ful
A: slimy green scales 2, (demonic guardian 2), magic regeneration, demonic touch
3, passive freeze
a: Renounce Religion, Evoke the Staff of Olgreb, Heroism, Finesse, Duel


You were on level 2 of the Orcish Mines.
You worshipped Okawaru.
Okawaru was extremely pleased with you.
You visited 4 branches of the dungeon, and saw 19 of its levels.
You also visited: Sewer.

You collected 2204 gold pieces.
You spent 614 gold pieces at shops.

Inventory:

Hand Weapons
 B - the +10 trident "Ygred" {drain, Drain Will+ SInv}
   (Okawaru gifted it to you on level 15 of the Dungeon)

   A truly terrible weapon, it drains the life of any living foe it strikes.
   SInv:      It lets you see invisible.
   Drain:     It drains your maximum health when unequipped.
   Will:      It increases your willpower.
 T - the +1 spear of Darkness {vorpal, rCorr Dex+3}
   (You found it on level 7 of the Dungeon)

   It inflicts extra damage upon your enemies.
   Dex:       It affects your dexterity (+3).
   rCorr:     It protects you from acid and corrosion.
 U - the +9 staff of Olgreb (weapon) {rPois∞}
   (You found it on level 7 of the Dungeon)

   If the wielder is skilled in Evocations, they can envenom those struck by it,
   dealing poison damage which bypasses armour.
   It enhances your poison magic.
   It grants immunity to poison.
   It can be activated via the 'a'bility menu to radiate toxic energy, with
   effectiveness depending on Evocations skill.
Missiles
 k - 8 curare-tipped darts (quivered)
 Q - 6 boomerangs
 S - 13 javelins
 W - 14 boomerangs of dispersal
Armour
 n - a +2 hat of willpower (worn)
 N - the +5 ring mail of Okawaru's Regard (worn) {Rampage rPois Regen+ Str+4}
   (Okawaru gifted it to you on level 11 of the Dungeon)

   Str:       It affects your strength (+4).
   rPois:     It protects you from poison.
   Regen:     It increases your rate of health regeneration.
   Rampage:   It bestows one free step when moving towards enemies.
Jewellery
 l - an amulet of regeneration (around neck)
 m - a ring of protection from cold
 t - the ring "Jeteroj" {rPois Will- Str+6 Stlth+}
   (You found it on level 4 of the Dungeon)

   [ring of strength]

   Str:       It affects your strength (+6).
   rPois:     It protects you from poison.
   Will:      It decreases your willpower.
   Stlth:     It makes you more stealthy.
 x - a ring of see invisible
 G - a +6 ring of strength (left hand)
 J - the ring "Edis" (right hand) {Dex+5 Slay+4}
   (You found it on level 10 of the Dungeon)

   [ring of slaying]

   Dex:       It affects your dexterity (+5).
   Slay:      It affects your accuracy & damage with ranged weapons and melee
   (+4).
 R - the ring "Qebrok" {Ice *Corrode rElec SInv Stlth+}
   (You found it on level 7 of the Dungeon)

   [ring of ice]

   It enhances your ice magic.
   rF:        It makes you vulnerable to fire.
   rC:        It protects you from cold.
   rElec:     It insulates you from electricity.
   SInv:      It lets you see invisible.
   *Corrode:  It may corrode you when you take damage.
   Stlth:     It makes you more stealthy.
Wands
 j - a wand of digging (3)
 r - a wand of paralysis (9)
 w - a wand of roots (12)
 L - a wand of flame (43)
 V - a wand of light (3)
Scrolls
 b - 3 scrolls of poison
 o - 4 scrolls of fog
 E - 3 scrolls of blinking
 H - 3 scrolls of magic mapping
 I - 5 scrolls of teleportation
 O - 7 scrolls of identify
 Y - 4 scrolls of fear
Potions
 e - 4 potions of attraction
 f - 4 potions of haste
 i - 2 potions of berserk rage
 q - 4 potions of resistance
 v - 5 potions of flight
 z - 2 potions of cancellation
 A - a potion of heal wounds
 C - 13 potions of curing
 D - 2 potions of might


   Skills:
 + Level 9.7(14.7) Fighting
 + Level 3.3(8.3) Short Blades
 - Level 8.9(13.9) Axes
 * Level 10.6(15.6) Staves
 + Level 1.2(6.2) Throwing
 + Level 10.3(15.3) Armour
 + Level 5.5(10.5) Dodging
 + Level 3.9(8.9) Stealth
 + Level 4.8(9.8) Shields
 * Level 10.6 Invocations
 * Level 8.9 Evocations


You had 13 spell levels left.
You didn't know any spells.
Your spell library contained the following spells:

 Spells                   Type           Power      Damage    Failure   Level
 Apportation              Tloc           0%         N/A       43%         1
 Necrotise                Necr           0%         1d4       43%         1
 Sting                    Tmut/Pois      0%         1d3       43%         1
 Ensorcelled Hibernation  Hex/Ice        0%         N/A       58%         2
 Poisonous Vapours        Pois/Air       0%         N/A       58%         2
 Dazzling Flash           Conj/Hex       0%         N/A       82%         3
 Gell's Gravitas          Tloc           0%         N/A       82%         3
 Inner Flame              Hex/Fire       0%         N/A       82%         3
 Lesser Beckoning         Tloc           0%         N/A       82%         3
 Mephitic Cloud           Conj/Pois/Air  0%         N/A       82%         3
 Spider Form              Tmut/Pois      0%         N/A       82%         3
 Teleport Other           Tloc           0%         N/A       82%         3
 Anguish                  Hex/Necr       0%         N/A       99%         4
 Corpse Rot               Necr/Pois/Air  0%         N/A       99%         4
 Iskenderun's Mystic Bla  Conj/Tloc      0%         2d3       99%         4
 Olgreb's Toxic Radiance  Pois           0%         N/A       99%         4
 Fireball                 Conj/Fire      0%         3d3       100%        5
 Dispersal                Tloc           0%         N/A       100%        6
 Eringya's Noxious Bog    Tmut/Pois      0%         N/A       100%        6
 Starburst                Conj/Fire      0%         6d3       100%        6
 Summon Small Mammal      Summ           Unusable   N/A       N/A         1

Dungeon Overview and Level Annotations

Branches:
Dungeon (15/15)            Temple (1/1) D:5            Lair (1/6) D:11
    Orc (2/2) D:10            Elf (0/3) Orc:2        Vaults (0/5) D:13
 Depths (0/4) D:15          Sewer (visited)

Altars:
Ashenzari
Cheibriados
Dithmenos
Fedhas
Gozag
Hepliaklqana
Kikubaaqudgha
Makhleb
Nemelex Xobeh
Okawaru
Qazlal
Ru
Sif Muna
Trog
Uskayaw
Vehumet
Wu Jian
Xom
Yredelemnul

Shops:
D:2 [   D:4 *   D:6 *   D:9 !   D:10 :   D:11 *   D:12 :   D:14 *

Annotations:
D:7 1 runed translucent door


Innate Abilities, Weirdness & Mutations

You are mostly covered in slimy green scales. (AC +3)
((A demonic guardian rushes to your aid.))
You regenerate magic rapidly.
Your touch may irresistibly damage your foes and sap their willpower.
A frigid envelope surrounds you and freezes all who hurt you.


Message History

You hit the orc warrior.
You kill the orc warrior!
Okawaru accepts your kill.
The orc priest looks more healthy.
The orc warrior barely misses you.
An orc knight comes into view. It is wielding a +0 long sword.
You thump the orc priest!
You kill the orc priest!
Okawaru accepts your kill.
You sock the orc priest!
You envenom the orc priest.
You kill the orc priest!
Okawaru accepts your kill.
You rampage towards the orc priest!
You closely miss the orc priest.
You touch the orc priest!
You sap its willpower!
The orc priest is almost dead.
The orc priest misses you.
The orc knight roars a battlecry!
The orc knight goes into a battle-frenzy!
The orc priest mumbles some strange prayers to Beogh against you.
Beogh smites you!
* * * LOW HITPOINT WARNING * * *
You hear a shout!
You sock the orc priest!
You kill the orc priest!
Okawaru accepts your kill.
The orc priest mumbles some strange prayers to Beogh against you.
Beogh smites you!
* * * LOW HITPOINT WARNING * * *
The orc high priest intones a terrible prayer.
The orc high priest calls upon Beogh to heal the orc priest.
The orc priest's wounds heal themselves!
Things that are here:
a +0 short sword; an orc corpse The orc warrior attacks as you move away!
The orc warrior closely misses you.
The orc high priest utters an invocation to Beogh.
The orc priest casts a cantrip, but nothing happens.
The orc knight unwields a +3 long sword.
The orc knight wields a +0 arbalest.
The orc knight shoots a bolt.
The bolt hits you!
You die...

##.#...........## ### ####
#..)..........#.###.## ##..##
##.)))...........#...# #....#
#...#...............## #....
#............#........# #...#
##............#......#####....
##....................##.#...
##...............#..........
#........o@.....##..##.....
#######).)#########..#.....
#)).))..# #........#
#..#))o#..# ##........
#....)o...# ####..#..
#..4#o.3#...# ##.#....
#......o....# ##.......
#....#o..#....# ##...#....
#......)......# #.........


You could see 2 orc knights, an orc high priest (strong), a sun demon
(summoned), an ice devil (summoned), an orc warrior (strong) and 2 orc priests.

Vanquished Creatures
  A great orb of eyes (D:15)
  2 rakshasas (D:15)
  A boulder beetle (D:8)
  2 hydras
  An ogre mage (D:15)
  A catoblepas (D:11)
  5 centaur warriors
  2 dancing weapons (D:13)
  9 two-headed ogres
  4 skeletal warriors (D:13)
  A goliath frog (shapeshifter) (D:15)
  4 deep elf zephyrmancers (D:15)
  An orc knight (Orc:1)
  9 ugly things
  8 deep elf pyromancers
  6 cyclopes
  3 manticores
  The ghost of valliere the Ruffian, a novice TrWr of Wu Jian (D:7)
  A moth of wrath (D:7)
  A black mamba (shapeshifter) (D:15)
  A gargoyle (D:12)
  Maggie (D:9)
  2 unseen horrors
  3 kobold demonologists
  6 meliai
  A troll (D:14)
  2 hornets
  19 slime creatures
  3 shadows (D:10)
  A vampire (D:12)
  A wyvern (D:8)
  A wraith (D:12)
  27 yaks
  3 vampire mosquitoes (D:13)
  A steam dragon (D:10)
  2 redbacks (D:7)
  3 water moccasins
  4 acid dragons
  14 orc warriors
  A black bear (D:7)
  3 ice beasts
  3 boggarts (D:15)
  16 centaurs
  11 ogres
  A phantom (D:10)
  2 kobold brigands
  Blork the orc (D:5)
  2 gnoll sergeants
  4 bullfrogs
  3 necrophages
  12 scorpions
  3 troll zombies (D:10)
  8 wights
  13 killer bees
  7 howler monkeys
  A jelly (D:7)
  A hound (D:5)
  16 orc priests
  A gnoll bouda (D:6)
  5 iguanas
  Jessica (D:2)
  17 orc wizards
  5 ogre zombies (D:10)
  A boggart simulacrum (D:14)
  A hound skeleton (D:8)
  12 gnolls
  3 river rats (Sewer)
  23 adders
  A white imp (D:3)
  2 ufetubi
  4 worms
  A dart slug (D:3)
  56 orcs
  6 endoplasms
  2 giant cockroaches (D:1)
  6 goblins
  8 hobgoblins
  4 jackals (D:4)
  A quokka (D:14)
  14 ball pythons
  8 bats
  5 frilled lizards
  6 goblin zombies
  A hobgoblin skeleton (D:10)
  3 hobgoblin zombies (D:10)
  16 kobolds
  4 orc skeletons
  16 orc zombies
  36 rats
535 creatures vanquished.

Vanquished Creatures (collateral kills)
  A bullfrog (Sewer)
  An adder (Sewer)
2 creatures vanquished.

Vanquished Creatures (others)
  A deep elf pyromancer (D:15)
  12 plants
13 creatures vanquished.

Grand Total: 550 creatures vanquished

Notes
Turn   | Place    | Note
-------+----------+-------------------------------------------
     0 | D:1      | jlumianski the Demonspawn Fighter began the quest for the
                  | Orb.
     0 | D:1      | Reached XP level 1. HP: 18/18 MP: 1/1
    79 | D:2      | Noticed Jessica
   314 | D:1      | Gained mutation: You are partially covered in slimy green
                  | scales. (AC +2) [demonic ancestry]
   314 | D:1      | Reached XP level 2. HP: 24/24 MP: 2/2
   454 | D:1      | Found a faded altar of an unknown god.
   759 | D:3      | Found a glowing drain.
   804 | Sewer    | Entered a sewer
   900 | Sewer    | Reached XP level 3. HP: 5/29 MP: 3/3
  1284 | Sewer    | Reached XP level 4. HP: 10/35 MP: 4/4
  1288 | Sewer    | Gained mutation: A frigid envelope surrounds you and
                  | freezes all who hurt you. [potion of mutation]
  1817 | Sewer    | Gained mutation: A weak demonic guardian rushes to your
                  | aid. [demonic ancestry]
  1817 | Sewer    | Reached XP level 5. HP: 38/41 MP: 5/5
  1876 | Sewer    | Reached skill level 1 in Dodging
  1881 | Sewer    | Gained mutation: Your touch may inflict minor irresistible
                  | damage on your foes. [demonic ancestry]
  1881 | Sewer    | Reached XP level 6. HP: 34/48 MP: 6/6
  2660 | D:2      | Killed Jessica
  2727 | D:2      | Found Wulon's Antique Armour Shoppe.
  3647 | D:4      | Found Huagru Jeve's Overcharged Wands.
  3674 | D:4      | Identified the ring "Jeteroj" {rPois Will- Str+6 Stlth+}
  3686 | D:4      | Reached XP level 7. HP: 20/53 MP: 7/7
  3971 | D:4      | Found a sparkling altar of Nemelex Xobeh.
  3989 | D:4      | You fall into a shaft and drop 3 floors!
  3989 | D:7      | Found the +9 staff of Olgreb {rPois∞}
  3995 | D:7      | Found a runed translucent door.
  4059 | D:7      | Noticed a hornet
  4060 | D:7      | Found a transporter.
  4060 | D:7      | Noticed valliere's ghost (novice TrWr)
  4060 | D:7      | Noticed a yak
  4070 | D:7      | Noticed a moth of wrath
  4152 | D:5      | Entered Level 5 of the Dungeon
  4424 | D:3      | Reached skill level 5 in Axes
  5383 | D:2      | Bought a pair of glowing gloves for 180 gold pieces
  5703 | D:6      | Noticed Blork the orc
  5711 | D:5      | Killed Blork the orc
  5904 | D:5      | Found a staircase to the Ecumenical Temple.
  5911 | Temple   | Entered the Ecumenical Temple
  5953 | Temple   | Became a worshipper of Warmaster Okawaru
  6349 | D:6      | Found a shimmering altar of Xom.
  6354 | D:6      | Identified the +7 dagger of the Omega Point {antimagic,
                  | Fly}
  6360 | D:6      | Found a shimmering altar of Xom.
  6361 | D:6      | Found a shimmering altar of Xom.
  6361 | D:6      | Found a shimmering altar of Xom.
  6516 | D:5      | Noticed a yak
  6516 | D:5      | Noticed a yak
  6519 | D:5      | Reached skill level 1 in Stealth
  6519 | D:5      | Gained mutation: You regenerate magic rapidly. [demonic
                  | ancestry]
  6519 | D:5      | Reached XP level 8. HP: 60/60 MP: 8/8
  6532 | D:5      | Reached skill level 5 in Armour
  6539 | D:5      | Reached * piety under Okawaru
  6551 | D:5      | Reached skill level 1 in Throwing
  6555 | D:5      | Reached ** piety under Okawaru
  6800 | D:5      | Reached skill level 5 in Fighting
  6800 | D:5      | Gained mutation: Your touch may inflict irresistible damage
                  | on your foes. [demonic ancestry]
  6800 | D:5      | Reached XP level 9. HP: 64/68 MP: 9/9
  7291 | D:6      | Reached skill level 1 in Evocations
  7535 | D:6      | Reached skill level 1 in Invocations
  7796 | D:6      | Found a snail-covered altar of Cheibriados.
  7802 | D:6      | Found a stormy altar of Qazlal.
  7805 | D:6      | Found a radiant altar of Vehumet.
  7807 | D:6      | Found a shimmering blue altar of Sif Muna.
  7812 | D:6      | Found a blossoming altar of Fedhas.
  7841 | D:6      | Found Egon's Mass Market.
  7912 | D:6      | Got the Discourse on Baneful Embers
  8144 | D:6      | Found a hazy altar of Hepliaklqana.
  8153 | D:6      | Reached *** piety under Okawaru
  8820 | D:7      | Found a runed translucent gate.
  8822 | D:7      | Found a runed translucent gate.
  8822 | D:7      | Found a runed translucent gate.
  8832 | D:7      | Found a runed translucent door.
  9216 | D:7      | Found a transporter.
  9257 | D:7      | Paralysed by a hornet for 3 turns
  9440 | D:7      | Received a gift from Okawaru
  9451 | D:7      | Killed a moth of wrath
  9452 | D:7      | Reached XP level 10. HP: 52/76 MP: 12/12
  9570 | D:7      | Killed valliere's ghost
  9570 | D:7      | Reached **** piety under Okawaru
  9570 | D:7      | Received a gift from Okawaru
  9571 | D:7      | Identified the ring "Qebrok" {Ice *Corrode rElec SInv
                  | Stlth+}
  9841 | D:7      | Identified the +1 spear of Darkness {vorpal, rCorr Dex+3}
 10188 | D:8      | Reached skill level 1 in Staves
 10193 | D:8      | Noticed a boulder beetle
 10213 | D:8      | Killed a boulder beetle
 10214 | D:8      | Reached skill level 5 in Invocations
 10216 | D:8      | Reached skill level 5 in Evocations
 11003 | D:8      | Reached XP level 11. HP: 56/83 MP: 12/15
 11139 | D:8      | Found a burning altar of Makhleb.
 11396 | D:9      | Found Oninn's Distillery.
 11405 | D:9      | Bought a potion of mutation for 96 gold pieces
 11469 | D:9      | Reached ***** piety under Okawaru
 11627 | D:9      | Noticed Maggie
 11723 | D:9      | Killed Maggie
 11723 | D:9      | Identified the +6 rapier of the Living Dead {freeze, rF-
                  | Str+6} (Okawaru gifted it to you on level 9 of the Dungeon)
 11723 | D:9      | Received a gift from Okawaru
 12375 | D:10     | Entered Level 10 of the Dungeon
 12400 | D:10     | Found Hexzumang's Book Shop.
 12491 | D:10     | Found a staircase to the Orcish Mines.
 12622 | D:10     | Reached skill level 5 in Staves
 12901 | D:10     | Identified the ring "Edis" {Dex+5 Slay+4}
 12934 | D:11     | Noticed a catoblepas
 13284 | D:10     | Found a shadowy altar of Dithmenos.
 13561 | D:11     | Killed a catoblepas
 13639 | D:11     | Noticed an eight-headed hydra
 13649 | D:11     | Killed an eight-headed hydra
 13649 | D:11     | Identified the +5 ring mail of Okawaru's Regard {Rampage
                  | rPois Regen+ Str+4} (Okawaru gifted it to you on level 11
                  | of the Dungeon)
 13649 | D:11     | Received a gift from Okawaru
 13660 | D:11     | Noticed a two-headed ogre
 13686 | D:11     | Killed a two-headed ogre
 13752 | D:11     | Noticed a two-headed ogre
 13757 | D:11     | Killed a two-headed ogre
 13894 | D:11     | Found Aqef's General Store.
 14022 | D:11     | Found a staircase to the Lair.
 14112 | D:11     | Gained mutation: Your touch may irresistibly damage your
                  | foes and sap their willpower. [demonic ancestry]
 14112 | D:11     | Reached XP level 12. HP: 77/91 MP: 17/17
 14637 | D:12     | Noticed a two-headed ogre
 14654 | D:11     | Reached skill level 1 in Short Blades
 14698 | D:12     | Killed a two-headed ogre
 15044 | D:12     | Found Pimyt's Book Boutique.
 15051 | D:12     | Bought Ceem's Tome of Putrescence for 338 gold pieces
 15144 | D:12     | Noticed a two-headed ogre
 15180 | D:12     | Killed a two-headed ogre
 15458 | D:13     | Found a gate to the Vaults.
 15517 | D:13     | Noticed a six-headed hydra
 15547 | D:13     | Killed a six-headed hydra
 15937 | D:13     | Identified the +2 hat "Pibeamui" {+Blink Fly Will- Dex+4}
                  | (Okawaru gifted it to you on level 13 of the Dungeon)
 15937 | D:13     | Received a gift from Okawaru
 16126 | D:13     | Gained mutation: A demonic guardian rushes to your aid.
                  | [demonic ancestry]
 16126 | D:13     | Reached XP level 13. HP: 99/99 MP: 19/19
 16616 | D:14     | Identified the amulet of Qottie {RegenMP rPois rF+ Int+3
                  | Dex-4}
 16870 | D:14     | Found Jubamez's Changing Room.
 17110 | D:15     | Entered Level 15 of the Dungeon
 17192 | D:15     | Identified the +10 trident "Ygred" {drain, Drain Will+
                  | SInv} (Okawaru gifted it to you on level 15 of the Dungeon)
 17192 | D:15     | Received a gift from Okawaru
 17481 | D:15     | Reached skill level 10 in Armour
 17609 | D:15     | Reached ****** piety under Okawaru
 17646 | D:15     | Reached skill level 5 in Dodging
 17648 | D:15     | Reached skill level 10 in Invocations
 17714 | D:15     | Reached skill level 10 in Staves
 17893 | D:15     | Received a gift from Okawaru
 18064 | D:15     | Gained mutation: You are mostly covered in slimy green
                  | scales. (AC +3) [demonic ancestry]
 18064 | D:15     | Reached XP level 14. HP: 107/108 MP: 21/21
 18263 | D:15     | Found a staircase to the Depths.
 18534 | Lair:1   | Entered Level 1 of the Lair of Beasts
 18600 | Orc:1    | Entered Level 1 of the Orcish Mines
 18771 | Orc:1    | Found Tiroce's Weapon Boutique.
 18885 | Orc:2    | Entered Level 2 of the Orcish Mines
 18921 | Orc:2    | Found a staircase to the Elven Halls.
 19524 | Orc:2    | Shot with a bolt by an orc knight

Illustrated notes

Levels and vault maps discovered:
D:1:      dpeg_arrival_central, layout_loops_corners,
          shapermc_ecumenical_altar_mp_highgroup, due_unseen_surprise
D:2:      layout_loops_ring, serial_shops, shop_fountains, serial_bayou_pond_c,
          uniq_jessica
D:3:      layout_loops_ring, nicolae_tso_besieged_by_evil,
          cheibrodos_sewer_entry_drain, nrook_campfire, kennysheep_donut,
          hangedman_decor_slide_cut
D:4:      layout_loops_cross, nemelex_spade_bored_becter, nrook_uturn,
          nicolae_shop_overcharged_wands
D:5:      layout_basic, minmay_temple_entry_sparse_star
D:6:      layout_layer_cave, nicolae_overflow_hallway_of_the_gods,
          xom_redecorated, overflow_temple_1_default, minmay_shop_mass,
          kennysheep_generic_room_8, uniq_blork_the_orc
D:7:      nicolae_cairo_tiling, layout_cave_pools,
          gammafunk_ghost_berserking_beasts,
          minmay_guarded_unrand_staff_of_olgreb
D:8:      layout_basic, makhleb_blood_cavern_becter, hex_tiny,
          minmay_unpleasant_kobolds
D:9:      layout_roguey, serial_shops, shop, uniq_maggie
D:10:     layout_loops_corners, old_standard_altar, zombieorc2_lemuel,
          serial_shops, shop
D:11:     nzn_motion_control, layout_irregular_city, dpeg_oklobed_lair,
          serial_shops, nicolae_take_the_stairs
D:12:     layout_long_grid, serial_shops, shop, grunt_ministairs_5,
          serial_bayou_crossing
D:13:     layout_stronghold, erik_vaults_1, kennysheep_generic_room_2
D:14:     layout_cave_pools, elyvilon_altar_4, nicolae_transmutations_shop
D:15:     gammafunk_enter_depths_forms, layout_cave_pods,
          chequers_serial_rivers_room_a, elves_outpost_lemuel
Temple:   cyrus_temple_forest
Lair:1:   layout_concentric_octagons, portal_ice_cave_entry_pillars_1,
          gammafunk_ghost_icy, uniq_nergalle
Orc:1:    layout_caves, serial_shops, nicolae_shop_behind_doors
Orc:2:    st_orc_pillars, layout_caves

Skill      XL: |  1  2  3  4  5  6  7  8  9 10 11 12 13 |
---------------+----------------------------------------+-----
Shields        | 3 4 |  4.8
Axes           | 2 3 4 5 7 8 |  8.9
Armour         | 3 4 5 7 9 10 | 10.3
Dodging        | 1 2 4 5 |  5.5
Fighting       | 4 5 6 7 8 9 |  9.7
Stealth        | 1 2 3 |  3.9
Throwing       | 1 |  1.2
Evocations     | 3 5 6 7 8 |  8.9
Invocations    | 3 5 6 8 10 | 10.6
Staves         | 2 6 8 10 | 10.6
Short Blades   | 3 |  3.3

Action                   |  1- 3 |  4- 6 |  7- 9 | 10-12 | 13-15 || total
-------------------------+-------+-------+-------+-------+-------++-------
Melee: War axe           |    90 |   106 |   209 |    58 |       ||   463
       Staff             |       |       |       |   412 |   256 ||   668
       Touch             |       |       |       |   121 |    54 ||   175
       Punch             |       |       |       |    13 |     6 ||    19
       Dagger            |       |       |       |    43 |       ||    43
Throw: Dart              |       |     8 |     4 |       |       ||    12
       Stone             |       |     2 |       |       |       ||     2
Invok: Heroism           |       |       |     3 |     9 |     2 ||    14
       Finesse           |       |       |       |     4 |     1 ||     5
 Abil: Evoke the Staff o |       |       |       |    21 |    11 ||    32
Evoke: Wand              |       |       |       |       |     2 ||     2
  Use: Scroll            |     2 |     8 |    11 |     3 |     2 ||    26
       Potion            |     2 |     3 |     1 |       |     2 ||     8
Armor: Scale mail        |    63 |    47 |     9 |       |       ||   119
       Chain mail        |       |       |    86 |       |       ||    86
       Plate armour      |       |       |    14 |   142 |       ||   156
       Ring mail         |       |       |       |    66 |   112 ||   178
Dodge: Dodged            |    69 |    84 |   110 |   248 |   178 ||   689
Block: Buckler           |    27 |    26 |    58 |     8 |       ||   119

Table legend: (Time is in decaauts)
 A = Elapsed time spent in this place.
 B = Non-inter-level travel time spent in this place.
 C = Inter-level travel time spent in this place.
 D = Time resting spent in this place.
 E = Time spent auto-exploring this place.
 F = Levels seen in this place.
 G = Mean time per level.
                   A        B        C        D        E       F      G
               +--------+--------+--------+--------+--------+-----+--------+
         Total |  19639 |  19016 |    623 |   1559 |  10403 |  20 |  982.0 |
       Dungeon |  17262 |  16640 |    622 |    909 |   9967 |  15 | 1150.8 |
        Temple |     79 |     79 |      0 |      0 |      0 |   1 |   79.0 |
          Lair |      1 |      1 |      0 |      0 |      0 |   1 |    1.0 |
  Orcish Mines |    898 |    898 |      0 |      0 |    382 |   2 |  449.0 |
         Sewer |   1397 |   1397 |      0 |    650 |     53 |   1 | 1397.0 |
               +--------+--------+--------+--------+--------+-----+--------+

Top non-repeatable levels by time:
     D:6: 1606 daAuts
     D:7: 1585 daAuts
     D:5: 1515 daAuts
   Sewer: 1397 daAuts
    D:15: 1286 daAuts
     D:8: 1266 daAuts
     D:3: 1227 daAuts
    D:10: 1205 daAuts
    D:13: 1142 daAuts
     D:1: 1105 daAuts
     D:9: 997 daAuts
    D:11: 967 daAuts
     D:4: 954 daAuts
    D:12: 902 daAuts
     D:2: 861 daAuts
